cohdb
Replays
Latest Replays
All Replays
Popular Replays
Top Player Replays
Match Explorer
How It Works
Community
CoH3 Stats
Reddit
Sign in to upload your games and track your stats! →
Sign in with Steam
Match 42596950
Unlisted
Match 42596950
Overview
Messages
Build Orders
End
Pioneer Squad
Construct Infanterie Kompanie
Grenadier Squad
Grenadier Squad
MG 42 Machine Gun Team
Construct Panzergrenadier Kompanie
251 Medium Carrier
MG 42 Machine Gun Team
Selects Luftwaffe Battlegroup
Selects Luftwaffe Pioneer Support
Selects Flak 38 Anti-Air Emplacement
Panzergrenadier Squad
Pak 40 Anti-tank Gun Team
Panzergrenadier Officer Quarters
Support Elements
Selects Stuka Strafing Run
Medical Bunker
Nebelwerfer 42 Rocket Launcher Team
Selects Fallschirmjäger Squad Paradrop
Selects Stuka Loiter
Fallschirmjäger Squad Paradrop
Stuka Loiter
StuG III G Assault Gun
Selects Flak 36 Anti-tank Gun Emplacement
Pioneer Squad
HulkSMASH
⚓️Ruby⚓
豪师傅
MinisteriumfürStaatssicherheit
0
0
Comments
sign in to comment!
No comments posted yet!